 Dungeon Crawl Stone Soup version 0.23.2-1-ga50397a (webtiles) character file.

Game seed: 10512040271050572626

6474 kae the Transmogrifier (level 10, -3/82 HPs)
             Began as a Grey Draconian Transmuter on May 15, 2019.
             Was a Follower of Hepliaklqana.
             Slain by a spiny frog (4 damage)
             ... on level 1 of the Lair of Beasts.
             The game lasted 00:12:12 (9572 turns).

kae the Transmogrifier (Grey Draconian Transmuter)  Turns: 9572, Time: 00:12:13

Health: -3/82      AC: 12    Str: 13    XL:     10   Next: 68%
Magic:  0/16       EV: 13    Int: 14    God:    Hepliaklqana [*.....]
Gold:   468        SH:  0    Dex: 14    Spells: 6/17 levels left

rFire    . . .     SeeInvis .     - Unarmed
rCold    . . .     Gourm    .   (shield currently unavailable)
rNeg     . . .     Faith    .   (armour unavailable)
rPois    .         Spirit   +   (helmet restricted)
rElec    .         Reflect  .   g - scarf {Spirit}
rCorr    .         Harm     .   (gloves currently unavailable)
MR       .....                  (no boots)
Stlth    +.........             s - amulet of guardian spirit
HPRegen  0.23/turn              (no ring)
MPRegen  0.15/turn              (no ring)

@: lethally poisoned (-3 -> -22), blade hands (expiring), frozen, very slow
A: walk through water, unfitting armour, reduced essence, unbreathing,
cold-blooded, AC +12
a: End Transformation, Recall Ancestor, Ancestor Identity, Renounce Religion


You were on level 1 of the Lair of Beasts.
You worshipped Hepliaklqana.
Hepliaklqana was aware of your devotion.
You were hungry.
You had blades for hands.
You visited 3 branches of the dungeon, and saw 11 of its levels.
You also visited: Ossuary.

You collected 468 gold pieces.

Inventory:

Hand Weapons
 n - the +5 rapier of Causality {protect, rPois Int+4}
   (You found it on level 5 of the Dungeon)

   It protects the one who uses it against injury (+AC on strike).
   It affects your intelligence (+4).
   It protects you from poison.
Missiles
 a - 146 arrows
Armour
 g - a scarf of spirit shield (worn)
Jewellery
 s - an amulet of guardian spirit (around neck)
Wands
 k - a wand of iceblast (9)
 m - a wand of enslavement (21)
 q - a wand of flame (17)
 u - a wand of polymorph (19)
Scrolls
 e - 5 scrolls of identify
 f - 7 scrolls of remove curse
 l - 4 scrolls of teleportation
Potions
 b - a potion of brilliance
 d - 3 potions of degeneration
 i - 3 potions of agility
 j - 2 potions of lignification
 o - a potion of flight
 r - 4 potions of curing
Comestibles
 c - 6 rations


   Skills:
 - Level 9.6 Fighting
 - Level 2.7 Dodging
 - Level 9.3 Unarmed Combat
 + Level 4.2 Spellcasting
 + Level 11.4 Transmutations


You had 6 spell levels left.
You knew the following spells:

 Your Spells              Type           Power        Failure   Level  Hunger
a - Beastly Appendage     Tmut           #####.       9%          1    None
b - Sticks to Snakes      Tmut           #####...     10%         2    ##.....
c - Spider Form           Tmut/Pois      ###.......   34%         3    ###....
d - Blade Hands           Tmut           #####.....   32%         5    ######.

Your spell library contained the following spells:

 Spells                   Type           Power        Failure   Level  Hunger
 Shock                    Conj/Air       #...         61%         1    None
 Ice Form                 Ice/Tmut       ###.....     61%         4    ####...
 Swiftness                Chrm/Air       #.......     71%         2    ##.....
 Static Discharge         Conj/Air       #.......     87%         3    ###....
 Airstrike                Air            #.........   99%         4    ####...
 Lightning Bolt           Conj/Air       #.........   100%        5    ######.


Dungeon Overview and Level Annotations

Branches:
Dungeon (9/15)             Temple (1/1) D:7            Lair (1/6) D:9
    Orc: D:9-12

Altars:
Ashenzari
Cheibriados
Dithmenos
Elyvilon
Fedhas
Gozag
Hepliaklqana
Kikubaaqudgha
Makhleb
Nemelex Xobeh
Okawaru
Qazlal
Ru
Sif Muna
Trog
Uskayaw
Vehumet
Wu Jian
Xom
Yredelemnul
Zin
The Shining One

Shops:
D:9 (*=

Annotations:
D:9 1 runed translucent door, RatmanManrat's ghost, novice MiBe


Innate Abilities, Weirdness & Mutations

You can walk through water.
Your dull iron-grey scales are very hard. (AC +12)
You cannot fit into any form of body armour.
You can survive without breathing.
You are cold-blooded and may be slowed by cold attacks.
Your life essence is reduced to manifest your ancestor. (-10% HP)


Message History

The spiny frog is heavily wounded.
You feel sick. The rime drake breathes ice at you. The flash freeze hits you.
* * * LOW HITPOINT WARNING * * *
You are encased in ice.
The water moccasin bites you!
* * * LOW HITPOINT WARNING * * *
You are lethally poisoned!
The water moccasin poisons you! The spiny frog stings you.
* * * LOW HITPOINT WARNING * * *
The rime drake bites you!
* * * LOW HITPOINT WARNING * * *
You slash the spiny frog!
Your tail-slap misses the spiny frog.
The spiny frog is almost dead.
* * * LOW HITPOINT WARNING * * *
You feel sick. The water moccasin bites you.
* * * LOW HITPOINT WARNING * * *
The spiny frog stings you.
You die...

## # #. #..# .#
#. #.. #P.# ..
#.#### .>..# #.
####.#.@#......
##. #....#FkS..##
#.. ##..#......P#
#.###...#....####
#.<.....$....#
#########...##
##..# #...#
#.#...


You could see a spiny frog, a rime drake and a water moccasin.

Vanquished Creatures
  A death yak (D:9)
  Pikel (D:4)
  2 spiny frogs (Lair:1)
  A hornet (D:9)
  A hippogriff (D:9)
  A basilisk (D:9)
  A human (D:9)
  5 yaks (D:9)
  A hungry ghost (D:9)
  A slave (D:4)
  3 ice beasts
  3 ogres (D:8)
  5 centaurs
  A crocodile (D:9)
  A big kobold (D:8)
  2 elf zombies (Ossuary)
  3 bullfrogs
  3 scorpions
  2 wyvern skeletons
  4 killer bees (D:9)
  3 howler monkeys
  6 crimson imps
  A centaur zombie (D:5)
  2 human zombies (Ossuary)
  A jelly (D:8)
  4 orc wizards
  2 bullfrog skeletons
  5 orc priests
  A hound (D:4)
  2 iguanas (D:8)
  2 worker ants (D:5)
  2 big kobold zombies (Ossuary)
  2 mummies (Ossuary)
  11 adders
  2 oozes
  An adder skeleton (D:9)
  2 adder zombies (Ossuary)
  5 worms
  2 dart slugs
  2 leopard geckos
  29 orcs
  A ball python (D:1)
  8 bats
  4 giant cockroaches
  13 goblins
  5 hobgoblins
  10 jackals
  3 quokkas
  A ball python skeleton (D:5)
  3 frilled lizards
  A goblin zombie (D:4)
  7 hobgoblin zombies (Ossuary)
  A jackal skeleton (D:5)
  2 jackal zombies (Ossuary)
  16 kobolds
  12 kobold zombies (Ossuary)
  A leopard gecko skeleton (D:5)
  7 orc zombies (Ossuary)
  A quokka skeleton (D:5)
  4 rats
  A rat zombie (D:4)
230 creatures vanquished.

Vanquished Creatures (collateral kills)
  A human (D:9)
  An orc (D:9)
2 creatures vanquished.

Vanquished Creatures (others)
  A slave (D:4)
  A scorpion (D:4)
  2 orc priests (D:4)
  3 ancestors
7 creatures vanquished.

Grand Total: 239 creatures vanquished

Notes
Turn   | Place    | Note
-------+----------+-------------------------------------------
     0 | D:1      | kae the Draconian Transmuter began the quest for the Orb.
     0 | D:1      | Reached XP level 1. HP: 16/16 MP: 3/3
   312 | D:1      | Reached XP level 2. HP: 22/23 MP: 3/5
   797 | D:2      | Reached XP level 3. HP: 29/29 MP: 4/6
   801 | D:2      | Learned a level 2 spell: Sticks to Snakes
   805 | D:2      | Learned a level 3 spell: Spider Form
  1115 | D:2      | Found a shattered altar of Ashenzari.
  2102 | D:3      | Reached XP level 4. HP: 25/36 MP: 4/7
  2429 | D:3      | HP: 1/37 [orc (4)]
  2804 | D:3      | Reached XP level 5. HP: 21/42 MP: 5/9
  2826 | D:3      | Reached XP level 6. HP: 10/66 MP: 1/10
  3154 | D:3      | Reached skill level 3 in Transmutations
  3638 | D:4      | Noticed a slave
  3638 | D:4      | Noticed a slave
  3638 | D:4      | Noticed Pikel
  3639 | D:4      | Noticed a slave
  3646 | D:4      | Killed a slave
  3648 | D:4      | Noticed a slave
  3657 | D:4      | Killed Pikel
  3657 | D:4      | Reached skill level 5 in Transmutations
  3657 | D:4      | Your scales start taking on a dull iron-grey colour.
  3657 | D:4      | Reached XP level 7. HP: 53/71 MP: 8/11
  3657 | D:4      | Gained mutation: You can survive without breathing. [Grey
                  | Draconian growth]
  3672 | D:4      | Found a sand-covered staircase.
  3731 | Ossuary  | Entered an ossuary
  3970 | Ossuary  | Reached XP level 8. HP: 43/79 MP: 8/12
  3976 | Ossuary  | Reached skill level 6 in Transmutations
  4759 | D:5      | Entered Level 5 of the Dungeon
  4781 | D:5      | Found a snail-covered altar of Cheibriados.
  4969 | D:5      | Reached skill level 7 in Transmutations
  5016 | D:5      | Got a jewelled rapier
  5017 | D:5      | Identified the +5 rapier of Causality {protect, rPois
                  | Int+4} (You found it on level 5 of the Dungeon)
  5928 | D:6      | Learned a level 5 spell: Blade Hands
  6023 | D:7      | Found a staircase to the Ecumenical Temple.
  6084 | Temple   | Entered the Ecumenical Temple
  6338 | Temple   | Became a worshipper of Hepliaklqana the Forgotten
  6477 | D:7      | Reached XP level 9. HP: 76/76 MP: 13/13
  6742 | D:8      | Reached skill level 8 in Transmutations
  6775 | D:8      | Found an opulent altar of Gozag.
  6814 | D:8      | Found an ancient bone altar of Kikubaaqudgha.
  6814 | D:8      | Found a white marble altar of Elyvilon.
  6815 | D:8      | Found a glowing golden altar of the Shining One.
  7509 | D:8      | Found a sparkling altar of Nemelex Xobeh.
  7720 | D:8      | Paralysed by a big kobold for 2 turns
  7766 | D:8      | Reached skill level 9 in Transmutations
  7796 | D:8      | Found a shimmering altar of Xom.
  8021 | D:9      | Found Riduth's Assorted Antiques.
  8032 | D:9      | Paralysed by a hornet for 2 turns
  8572 | D:9      | Found Ypikk's Antique Weapon Boutique.
  8627 | D:9      | Found a runed translucent door.
  8632 | D:9      | Found a shimmering altar of Xom.
  8632 | D:9      | Noticed a +0 scimitar of chaos
  8632 | D:9      | Noticed RatmanManrat's ghost (novice MiBe)
  8664 | D:9      | Found a glowing silver altar of Zin.
  8667 | D:9      | Found an ornate altar of the Wu Jian Council.
  8670 | D:9      | Found a shattered altar of Ashenzari.
  8683 | D:9      | Found an iron altar of Okawaru.
  8683 | D:9      | Reached * piety under Hepliaklqana
  8711 | D:9      | Reached skill level 10 in Transmutations
  8891 | D:9      | Found a staircase to the Lair.
  8892 | D:9      | Noticed a death yak
  8903 | D:9      | Reached XP level 10. HP: 74/82 MP: 6/14
  8908 | D:9      | Killed a death yak
  8911 | D:9      | Reached skill level 11 in Transmutations
  9141 | D:9      | Found Juggoen's Jewellery Shoppe.
  9533 | Lair:1   | Entered Level 1 of the Lair of Beasts
  9539 | Lair:1   | Noticed a spiny frog
  9543 | Lair:1   | Noticed a spiny frog
  9549 | Lair:1   | Killed a spiny frog
  9550 | Lair:1   | Killed a spiny frog
  9557 | Lair:1   | Noticed a spiny frog
  9572 | Lair:1   | HP: 1/82 [water moccasin (5)]
  9572 | Lair:1   | Slain by a spiny frog

Skill      XL: |  1  2  3  4  5  6  7  8  9 10 |
---------------+-------------------------------+-----
Dodging        | 2 |  2.7
Fighting       | 2 9 |  9.6
Unarmed Combat | 9 |  9.3
Transmutations | 5 7 10 11 | 11.4
Spellcasting   | 4 |  4.2

Action                   |  1- 3 |  4- 6 |  7- 9 | 10-12 || total
-------------------------+-------+-------+-------+-------++-------
Melee: Unarmed           |   155 |   174 |   471 |    68 ||   868
       Tailslap          |    14 |    13 |    56 |    11 ||    94
       Headbutt          |     4 |     1 |     2 |       ||     7
       Kick              |     4 |    10 |     5 |       ||    19
       Punch             |     2 |     4 |    11 |     1 ||    18
       Rapier            |       |       |     8 |       ||     8
 Cast: Beastly Appendage |    15 |     9 |     6 |       ||    30
       Spider Form       |       |     5 |     9 |       ||    14
       Blade Hands       |       |       |     2 |     3 ||     5
Invok: Ancestor Identity |       |       |     1 |       ||     1
       Recall Ancestor   |       |       |     1 |       ||     1
  Use: Scroll            |     1 |     9 |     7 |       ||    17
       Potion            |       |     4 |     3 |     3 ||    10
 Stab: Sleeping          |     1 |     1 |     3 |       ||     5
       Distracted        |       |       |     1 |       ||     1
  Eat: Chunk             |     2 |     5 |     5 |     3 ||    15
       Ration            |     1 |       |     4 |       ||     5
Armor: Skin              |    51 |    31 |   143 |    18 ||   243
Dodge: Dodged            |   117 |   120 |   310 |    49 ||   596
